 Dungeon Crawl Stone Soup version 0.24.0-123-gd5b16e6ec5 (webtiles) character file.

Game seed: 17297062019984334872, levelgen mode: deterministic

28 Chiseanne the Magician (level 3, 4/24 HPs)
             Began as a Demonspawn Wizard on Jan 22, 2020.
             Quit the game on level 2 of the Dungeon.
             The game lasted 00:01:48 (1239 turns).

Chiseanne the Magician (Demonspawn Wizard)          Turns: 1239, Time: 00:01:48

Health: 4/24       AC:  2    Str:  7    XL:     3   Next: 0%
Magic:  2/8        EV: 12    Int: 20    God:
Gold:   39         SH:  0    Dex: 11    Spells: 8/9 levels left

rFire    . . .     SeeInvis .   a - +0 dagger (elec)
rCold    . . .     Gourm    .   (no shield)
rNeg     . . .     Faith    .   r - +0 robe
rPois    .         Spirit   .   b - +0 hat
rElec    .         Reflect  .   (no cloak)
rCorr    .         Harm     .   (no gloves)
MR       .....                  (no boots)
Stlth    ++........             (no amulet)
HPRegen  0.08/turn              (no ring)
MPRegen  0.11/turn              (no ring)

@: no status effects
A: claws 1, spiny 1
a: no special abilities


You were on level 2 of the Dungeon.
You were not hungry.

You visited 1 branch of the dungeon, and saw 2 of its levels.

You collected 39 gold pieces.

Inventory:

Hand Weapons
 a - a +0 dagger of electrocution (weapon)
Missiles
 c - 52 stones
 h - 22 poisoned darts (quivered)
 i - 9 bolts
Armour
 b - a +0 hat (worn)
 r - a +0 robe (worn)
Scrolls
 f - a scroll of identify
 g - a scroll of remove curse
Comestibles
 d - 2 rations


   Skills:
 - Level 1.7 Dodging
 - Level 1.7 Stealth
 * Level 3.5 Spellcasting
 * Level 2.1 Conjurations
   Level 1.0 Summonings
   Level 0.8 Translocations


You had 8 spell levels left.
You knew the following spells:

 Your Spells              Type           Power        Failure   Level  Hunger
a - Magic Dart            Conj           ##..         5%          1    None

Your spell library contained the following spells:

 Spells                   Type           Power        Failure   Level  Hunger
 Blink                    Tloc           N/A          14%         2    ##.....
 Call Imp                 Summ           #.......     14%         2    ##.....
 Slow                     Hex            #.......     21%         2    ##.....
 Conjure Flame            Conj/Fire      #.......     26%         3    ###....
 Mephitic Cloud           Conj/Pois/Air  #.......     30%         3    ###....


Dungeon Overview and Level Annotations

Branches:
Dungeon (2/15)

Altars:


Innate Abilities, Weirdness & Mutations

You have sharp fingernails.
You are partially covered in sharp spines.


Message History

The worm barely misses you.
You barely miss the worm.
The worm is heavily wounded.
The worm is struck by your spines. The worm bites you!
Ouch! That really hurt!
You hit the worm but do no damage.
The worm is heavily wounded.
You hit the worm but do no damage.
The worm is heavily wounded.
The worm bites you.
* * * LOW HITPOINT WARNING * * *
You hit the worm. Lightning courses through the worm!
You kill the worm!
You have reached level 3!
Your experience leads to an increase in your attributes!
Increase (S)trength, (I)ntelligence, or (D)exterity?
You feel clever.
Your demonic ancestry asserts itself...
Your fingernails lengthen.
Your magical contamination has completely faded away.
Are you sure you want to abandon this character and quit the game? (Confirm with "yes".)

##+## ##...##
##....[##
#.#.......##
#.....@รท...#
............+
##.......<..#
#.#.......##
.. ##.....##
# ##...##
##+##


There were no monsters in sight!

Vanquished Creatures
  An adder (D:2)
  A worm (D:2)
  A dart slug (D:1)
  2 goblins (D:1)
  3 hobgoblins (D:1)
  A ball python (D:1)
  A bat (D:1)
  A frilled lizard (D:1)
  3 kobolds (D:1)
  3 rats (D:1)
17 creatures vanquished.

Notes
Turn   | Place    | Note
-------+----------+-------------------------------------------
     0 | D:1      | Chiseanne the Demonspawn Wizard began the quest for the
                  | Orb.
     0 | D:1      | Reached XP level 1. HP: 13/13 MP: 4/4
   738 | D:1      | Gained mutation: You are partially covered in sharp spines.
                  | [demonic ancestry]
   738 | D:1      | Reached XP level 2. HP: 16/19 MP: 0/6
  1226 | D:2      | Gained mutation: You have sharp fingernails. [demonic
                  | ancestry]
  1226 | D:2      | Reached XP level 3. HP: 3/24 MP: 1/8
  1239 | D:2      | Quit the game

Levels and vault maps discovered:
D:1:      dpeg_arrival_pits, layout_loops_cross, serial_glass, glass_columns_c,
          glass_columns_a
D:2:      layout_loops_corners, nicolae_overflow_hidden_temple

Skill      XL: |  1  2 |
---------------+-------+-----
Conjurations   | 2 |  2.1
Dodging        | |  1.7
Stealth        | |  1.7
Spellcasting   | |  3.5
Summonings     | |  1.0
Translocations | |  0.8

Action                   || total
-------------------------++-------
Melee: Unarmed           ||     9
       Dagger            ||     9
       Club              ||     1
Throw: Dart              ||     4
 Cast: Magic Dart        ||    35
  Use: Scroll            ||     2
 Stab: Sleeping          ||     1
  Eat: Chunk             ||     1
Armor: Robe              ||     2
Dodge: Dodged            ||     8
